 Dungeon Crawl Stone Soup version 0.31-a0-728-g01b46875f1 (webtiles) character file.

Game seed: 4679365349348130172

493 cforsyth the Trooper (level 7, -3/55 HPs)
             Began as a Djinni Chaos Knight on Sept 11, 2023.
             Was an Initiate of Hepliaklqana.
             Slain by an orc
             ... wielding a +0 flail
              (7 damage)
             ... on level 4 of the Dungeon.
             The game lasted 00:06:22 (4132 turns).

cforsyth the Trooper (Djinni Chaos Knight)          Turns: 4132, Time: 00:06:22

Health: -3/55      AC: 12    Str: 11    XL:     7   Next: 37%
Gold:   158        EV: 11    Int: 16    God:    Hepliaklqana [......] SH:  0 Dex: 12

rFire   + + .        u - +2 mace (protect)
rCold   x . .        (no shield)
rNeg    . . .        b - +2 leather armour
rPois   ∞            (no helmet)
rElec   .            (no cloak)
rCorr   .            (no gloves)
SInv    .            (boots unavailable)
Will    .....        (no amulet)
Stlth   +            (no ring)
HPRegen 0.29/turn    (no ring)
MPRegen 0.00/turn

%: infuse magic (-4 HP)
@: under a protective aura, flying
A: sickness immunity, fire resistance 2, cold vulnerability 1, float, innate
caster, HP casting, extra vitality 1
a: Renounce Religion


You were on level 4 of the Dungeon.
You worshipped Hepliaklqana.
Hepliaklqana was noncommittal.
You visited 1 branch of the dungeon, and saw 5 of its levels.

You collected 158 gold pieces.

Inventory:

Hand Weapons
 a - a +0 falchion of chaos
 u - a +2 mace of protection (weapon)
Armour
 b - a +2 leather armour (worn)
Jewellery
 v - a +5 ring of evasion
 y - a ring of see invisible
Scrolls
 c - a scroll of butterflies
 d - a scroll of amnesia {unknown}
 e - 5 scrolls of teleportation {unknown}
 f - 2 scrolls of identify {unknown}
 m - a scroll of enchant weapon {unknown}
 n - a scroll of poison {unknown}
 o - 2 scrolls of fear {unknown}
 q - a scroll of enchant armour {unknown}
 r - a scroll of summoning {unknown}
 s - a scroll of blinking {unknown}
 w - a scroll of vulnerability {unknown}
 x - a scroll of revelation {unknown}
Potions
 g - a potion of enlightenment {unknown}
 h - a potion of heal wounds {unknown}
 i - a potion of mutation {unknown}
 j - 4 potions of might {unknown}
 k - a potion of degeneration {unknown}
 l - 2 potions of curing {unknown}
 p - a potion of cancellation {unknown}
 t - a potion of invisibility {unknown}


   Skills:
 + Level 5.9 Fighting
 - Level 2.6 Long Blades
 - Level 1.0 Armour
 - Level 2.1 Dodging
 + Level 3.6 Spellcasting
 + Level 3.6 Conjurations
 + Level 3.6 Hexes
   Level 0.0 Charms
 + Level 3.6 Summonings
 + Level 3.6 Necromancy
 + Level 3.6 Translocations
 + Level 3.6 Transmutations
 + Level 3.6 Fire Magic
 + Level 3.6 Ice Magic
 + Level 3.6 Air Magic
 + Level 3.6 Earth Magic
 + Level 3.6 Poison Magic


You knew the following spells:

 Your Spells              Type           Power      Damage    Failure   Level
a - Shock                 Conj/Air       56%        1d6       5%          1
b - Passwall              Tmut/Erth      11%        N/A       8%          2
c - Lesser Beckoning      Tloc           28%        N/A       8%          2
Your spell library was empty.

Dungeon Overview and Level Annotations

Branches:
Dungeon (5/15)
 Temple: D:4-7

Altars:
Ashenzari
Hepliaklqana
Trog
Xom

Annotations:
D:3 Grinder
D:4 3 runed translucent doors, cforsyth's ghost, novice DjCK


Innate Abilities, Weirdness & Mutations

You are immune to sickness and miasma.
You are immune to poison.
Your flesh is very heat resistant. (rF++)
You are vulnerable to cold. (rC-)
You float through the air rather than walking.
You learn spells naturally, not from books.
Your magical power is your life essence.
You have superior vitality. (+4 MHP)


Message History

Confirm with . or Enter, or press ? or * to list all spells.
Okay, then.
Unknown command.
Unknown command.
The ufetubus hits you but does no damage. x2
The white imp gestures at you. The puff of frost hits you!
You feel a terrible chill! The ufetubus barely misses you.
The ufetubus closely misses you.
The white imp hits you but does no damage.
The phantom attacks as it pursues you! The phantom hits you!
The phantom blinks!
You blink.
Found a ring mail.
An iguana comes into view.
The phantom attacks as it pursues you! The phantom hits you.
The phantom blinks!
You blink.
The orc attacks as it pursues you! The orc barely misses you.
The iguana moves out of view.
There is a stone staircase leading up here.
The ufetubus hits you.
* * * LOW HITPOINT WARNING * * *
The ufetubus barely misses you. The orc closely misses you.
The ufetubus barely misses you. x2
You fly upwards.
Level annotation: 3 runed translucent doors, cforsyth's ghost, novice DjCK
There is a stone staircase leading down here.
The orc attacks as it pursues you! The orc hits you with a +0 flail.
* * * LOW HITPOINT WARNING * * *
You closely miss the orc. The orc hits you with a +0 flail.
* * * LOW HITPOINT WARNING * * *
The orc hits you with a +0 flail.
* * * LOW HITPOINT WARNING * * *
You closely miss the orc. The orc closely misses you.
You hit the orc but do no damage.
Your weapon exudes an aura of protection.
The orc hits you but does no damage. x2
You hit the orc.
The orc is severely wounded.
The orc hits you but does no damage.
You hit the orc.
The orc is almost dead.
The orc hits you with a +0 flail!
You die...

#..#######...P....
#..# #.P..P[.P
#..# #^.P.....
#..# #..P..PP.
#..#######........
#................#
#5#########....>..
#o# #......)...
#@# #.##...).#.
#.# ##.##...)...
#.#####.......)##.
#..............#..
#######..###.....[
#..# #...#..
#..###...##.
#...........
#...........


You could see an orc and an ufetubus.

Vanquished Creatures
  A phantom (D:4)
  A bullfrog (D:4)
  2 hounds (D:4)
  A jelly (D:4)
  An iguana (D:4)
  An orc wizard (D:3)
  Robin (D:2)
  7 gnolls
  4 adders
  A dart slug (D:4)
  A worm (D:4)
  10 orcs (D:3)
  4 bats
  5 endoplasms
  3 giant cockroaches
  11 goblins
  11 hobgoblins
  2 jackals (D:1)
  5 quokkas
  5 ball pythons
  5 frilled lizards
  6 kobolds
  5 rats (D:1)
93 creatures vanquished.

Notes
Turn   | Place    | Note
-------+----------+-------------------------------------------
     0 | D:1      | cforsyth the Djinni Chaos Knight began the quest for the
                  | Orb.
     0 | D:1      | Reached XP level 1. HP: 20/20 MP: 0/0
   103 | D:1      | Reached XP level 2. HP: 25/25 MP: 0/0
   187 | D:1      | XOM: silly message
   194 | D:1      | Reached skill level 1 in Spellcasting
   194 | D:1      | Reached skill level 1 in Conjurations
   194 | D:1      | Reached skill level 1 in Hexes
   194 | D:1      | Reached skill level 1 in Summonings
   194 | D:1      | Reached skill level 1 in Necromancy
   194 | D:1      | Reached skill level 1 in Translocations
   194 | D:1      | Reached skill level 1 in Transmutations
   194 | D:1      | Reached skill level 1 in Fire Magic
   194 | D:1      | Reached skill level 1 in Ice Magic
   194 | D:1      | Reached skill level 1 in Air Magic
   194 | D:1      | Reached skill level 1 in Earth Magic
   194 | D:1      | Reached skill level 1 in Poison Magic
   271 | D:1      | Reached XP level 3. HP: 30/30 MP: 0/0
   271 | D:1      | Learned a level 1 spell: Shock
   287 | D:1      | XOM: silly message
   296 | D:1      | XOM: silly message
   491 | D:1      | XOM is BORED!
   491 | D:1      | XOM: silly message
   701 | D:2      | Found a broken altar of Ashenzari.
   845 | D:2      | XOM: potion effect (heal wounds)
   982 | D:2      | Reached XP level 4. HP: 9/37 MP: 0/0
  1090 | D:2      | Found a faded altar of an unknown god.
  1176 | D:2      | Reached skill level 4 in Fighting
  1257 | D:2      | XOM: silly message
  1385 | D:2      | XOM: silly message
  1503 | D:3      | Noticed Grinder
  1504 | D:3      | XOM: silly message
  1505 | D:3      | XOM: confusion (+ monsters)
  1506 | D:3      | XOM: noise
  1595 | D:3      | Noticed Robin
  1642 | D:2      | Killed Robin
  1643 | D:2      | Reached XP level 5. HP: 21/41 MP: 0/0
  1643 | D:2      | Learned a level 2 spell: Passwall
  1660 | D:2      | XOM: summons 3 hostile demons
  1842 | D:3      | XOM: summons 1 hostile shadow creature
  2648 | D:3      | XOM: blink monster(s)
  2787 | D:4      | Found a runed translucent gate.
  2787 | D:4      | Found a runed translucent gate.
  2787 | D:4      | Found a runed translucent gate.
  2800 | D:4      | Reached XP level 6. HP: 15/49 MP: 0/0
  2861 | D:4      | XOM: cloud trail
  2920 | D:4      | Noticed cforsyth's ghost (novice DjCK)
  2947 | D:4      | Reached skill level 5 in Fighting
  3160 | D:4      | XOM: divination: detect items
  3186 | D:4      | XOM: cloud trail
  3199 | D:4      | Identified the +8 whip of Edupoes {protect, Fly Stlth+}
  3350 | D:4      | XOM: smoke on damage
  3443 | D:4      | XOM: 5-stop teleportation journey
  3542 | D:4      | XOM: divination: detect items
  3568 | D:4      | Reached XP level 7. HP: 25/55 MP: 0/0
  3568 | D:4      | Learned a level 2 spell: Lesser Beckoning
  3832 | D:4      | Found a shimmering altar of Xom.
  3832 | D:4      | Found a hazy altar of Hepliaklqana.
  3838 | D:4      | Found a bloodstained altar of Trog.
  3842 | D:4      | Fell from the grace of Xom
  3842 | D:4      | Became a worshipper of Hepliaklqana the Forgotten
  4102 | D:5      | Entered Level 5 of the Dungeon
  4128 | D:4      | HP: 2/55 [orc/+0 flail (5)]
  4132 | D:4      | Slain by an orc

Illustrated notes

Levels and vault maps discovered:
D:1:      minmay_arrival_plants_in_alcoves, layout_basic
D:2:      layout_rooms, basic_altar, hellmonk_ecumenical_altar_lost_god,
          minmay_misc_feat_tower, minmay_pentomino_z4
D:3:      layout_loops_ring, uniq_robin, uniq_grinder
D:4:      layout_loops_ring, grunt_temple_overflow_open,
          gammafunk_ghost_necromancy, grunt_ministairs_2, nicolae_grassy_gnolls
D:5:      layout_rooms, eino_tiny_chamber, kennysheep_generic_room_9

Skill      XL: |  1  2  3  4  5  6 |
---------------+-------------------+-----
Spellcasting   | 1 2 3 |  3.6
Conjurations   | 1 2 3 |  3.6
Hexes          | 1 2 3 |  3.6
Summonings     | 1 2 3 |  3.6
Necromancy     | 1 2 3 |  3.6
Translocations | 1 2 3 |  3.6
Transmutations | 1 2 3 |  3.6
Fire Magic     | 1 2 3 |  3.6
Ice Magic      | 1 2 3 |  3.6
Air Magic      | 1 2 3 |  3.6
Earth Magic    | 1 2 3 |  3.6
Poison Magic   | 1 2 3 |  3.6
Fighting       | 4 5 |  5.9
Long Blades    | |  2.6
Armour         | |  1.0
Dodging        | |  2.1

Action                     |  1- 3 |  4- 6 |  7- 9 || total
---------------------------+-------+-------+-------++-------
  Melee: Falchion          |    50 |    26 |       ||    76
         Punch             |     1 |       |       ||     1
         Mace              |       |    19 |    18 ||    37
   Cast: Shock             |    38 |   162 |    18 ||   218
         Passwall          |       |       |     1 ||     1
 Armour: Leather armour    |    54 |    91 |    33 ||   178
  Dodge: Dodged            |    53 |    64 |    37 ||   154

Table legend: (Time is in decaauts)
 A = Elapsed time spent in this place.
 B = Non-inter-level travel time spent in this place.
 C = Inter-level travel time spent in this place.
 D = Time resting spent in this place.
 E = Time spent auto-exploring this place.
 F = Levels seen in this place.
 G = Mean time per level.
                   A        B        C        D        E       F      G
               +--------+--------+--------+--------+--------+-----+--------+
         Total |   4164 |   4031 |    133 |    116 |   3098 |   5 |  832.8 |
       Dungeon |   4164 |   4031 |    133 |    116 |   3098 |   5 |  832.8 |
               +--------+--------+--------+--------+--------+-----+--------+

Top non-repeatable levels by time:
     D:4: 1409 daAuts
     D:3: 1060 daAuts
     D:2: 959 daAuts
     D:1: 711 daAuts
     D:5: 22 daAuts
